 Dungeon Crawl Stone Soup version 0.25-a0-1119-g28b6fd0c3b (webtiles) character file.

Game seed: 13063349242045896446, levelgen mode: deterministic

18 Maedhros the Sneak (level 2, -3/18 HPs)
             Began as an Octopode Artificer on May 18, 2020.
             Slain by an orc
             ... wielding a +0 short sword
              (9 damage)
             ... on level 3 of the Dungeon.
             The game lasted 00:01:03 (251 turns).

Maedhros the Sneak (Octopode Artificer)              Turns: 251, Time: 00:01:04

Health: -3/18      AC:  1    Str: 11    XL:     2   Next: 70%
Magic:  4/4        EV: 13    Int: 13    God:
Gold:   30         SH:  0    Dex: 12    Spells: 1/1 levels left

rFire    . . .     SeeInvis .   h - +2 dagger (venom)
rCold    . . .     Gourm    .   (no shield)
rNeg     . . .     Faith    .   (helmet restricted)
rPois    .         Spirit   .   (no amulet)
rElec    .         Reflect  .   (no ring)
rCorr    .         Harm     .   (no ring)
MR       .....                  (no ring)
Stlth    +++.......             (no ring)
HPRegen  0.06/turn              (no ring)
MPRegen  0.09/turn              (no ring)
                                (no ring)
                                (no ring)

@: no status effects
A: almost no armour, stealthy swim, amphibious, 8 rings, constrict 8, camouflage
1, gelatinous body 1
a: no special abilities


You were on level 3 of the Dungeon.
You were not hungry.

You visited 1 branch of the dungeon, and saw 3 of its levels.

You collected 30 gold pieces.

Inventory:

Hand Weapons
 a - a +0 short sword
 h - a +2 dagger of venom (weapon)
Wands
 b - a wand of flame (14)
 c - a wand of enslavement (15)
 d - a wand of random effects (15)
Scrolls
 e - a scroll of random uselessness {unknown}
Comestibles
 f - 3 rations
 g - a chunk of flesh


   Skills:
 - Level 1.0 Fighting
 - Level 1.0 Short Blades
 - Level 2.0 Dodging
 + Level 3.8 Stealth
 - Level 3.2 Evocations


You had one spell level left.
You didn't know any spells.
Your spell library was empty.

Dungeon Overview and Level Annotations

Branches:
Dungeon (3/15)

Altars:


Innate Abilities, Weirdness & Mutations

You cannot wear most types of armour.
You are very stealthy in the water. (Stealth+)
You are amphibious.
You can wear up to eight rings at the same time.
You can use your tentacles to constrict eight enemies at once.
Your skin changes colour to match your surroundings (Stealth+).
Your rubbery body absorbs attacks. (AC +1, EV +1)


Message History

You hit the orc.
You kill the orc!
You see here a +2 dagger of venom.
h - a +2 dagger of venom Your +2 dagger of venom begins to drip with poison!
h - a +2 dagger of venom (weapon)
You open the door.
Found a ring mail, a mace and a falchion.
There is an open door here.
You open the door.
There is an open door here.
You open the door.
An orc comes into view. It is wielding a +0 short sword.
The orc shouts!
Found a ration.
You hit the orc. Your grab misses the orc.
The orc is almost dead.
The orc hits you with a +0 short sword!
Ouch! That really hurt!
You die...

#.....##.#... #..# #<.........
#..# ##........# .. #..#+##
#.....[..# ..P #......
#........# #.# ##...
..##..(.).... #.# +...#
##.#.........# #.#
#.⌠.#..#.#.........# ##.#
#..@o%.#..[........#
..####..####..#####........###.
..............#..)#.#......#
..####.......#.).#.#.######
#.####..'.[.# #.# #.#..)..#####
#.# #.#..#...'..# #.#
#.####...#..# #.#
#........####.#.#


You could see an orc.

Vanquished Creatures
  A leopard gecko (D:2)
  3 orcs (D:3)
  4 goblins
  A hobgoblin (D:2)
  A kobold (D:3)
  2 bats
  A rat (D:1)
13 creatures vanquished.

Notes
Turn   | Place    | Note
-------+----------+-------------------------------------------
     0 | D:1      | Maedhros the Octopode Artificer began the quest for the
                  | Orb.
     0 | D:1      | Reached XP level 1. HP: 13/13 MP: 3/3
    69 | D:2      | Reached XP level 2. HP: 18/18 MP: 4/4
   251 | D:3      | Slain by an orc

Illustrated notes

Levels and vault maps discovered:
D:1:      tarquinn_simple_flora_water_a, layout_loops_ring, minmay_pentomino_r2
D:2:      layout_basic, uniq_terence, uniq_robin
D:3:      corexii_shack_village, layout_basic, minmay_close_crescents

Skill      XL: |  1 |
---------------+----+-----
Stealth        | 3 |  3.8
Fighting       | |  1.0
Short Blades   | |  1.0
Dodging        | |  2.0
Evocations     | |  3.2

Action                   || total
-------------------------++-------
Melee: Short sword       ||    24
       Constrict         ||     7
       Tentacles         ||     2
       Dagger            ||     1
Evoke: Wand              ||     1
 Stab: Sleeping          ||     2
Armor: Skin              ||     3
Dodge: Dodged            ||    10

Table legend:
 A = Non-vault XP
 B = Vault XP
 C = Vault XP percentage of total XP
 D = Non-vault monster count
 E = Vault monster count
 F = Vault count percentage of total count
                 A         B        C        D         E       F
            +---------+---------+-------+---------+---------+-------
      Total |      20 |       7 |  25.9 |      10 |       3 |  23.1
            +---------+---------+-------+---------+---------+-------
        D:1 |       4 |       0 |   0.0 |       3 |       0 |   0.0
        D:2 |       7 |       0 |   0.0 |       3 |       0 |   0.0
        D:3 |       9 |       7 |  43.8 |       4 |       3 |  42.9
            +---------+---------+-------+---------+---------+-------
